 Dungeon Crawl Stone Soup version 0.18.1-48-g4cf74bf (webtiles) character file.

345 dvd the Chopper (level 6, -6/52 HPs)
             Began as a Hill Orc Gladiator on June 24, 2016.
             Was an Initiate of Beogh.
             Mangled by an ogre
             ... wielding a +0 giant spiked club
              (24 damage)
             ... on level 4 of the Dungeon.
             The game lasted 00:07:21 (3902 turns).

dvd the Chopper (Hill Orc Gladiator)                Turns: 3902, Time: 00:07:22

Health: -6/52      AC:  4    Str: 20    XL:     6   Next: 58%
Magic:  6/6        EV: 13    Int:  8    God:    Beogh [......]
Gold:   191        SH:  0    Dex: 11    Spells: 0 memorised, 5 levels left

rFire  . . .     SeeInvis .     a - +0 war axe
rCold  + . .     Gourm    .     b - +0 leather armour
rNeg   . . .     Faith    .     (no shield)
rPois  .         Spirit   .     c - +0 helmet
rElec  .         Dismiss  .     (no cloak)
rCorr  .         Reflect  .     (no gloves)
SustAt .         Harm     .     (no boots)
MR     .....                    (no amulet)
Stlth  +.........               (no ring)
                                m - ring of protection from cold

@: not resistant to hostile enchantments, very unstealthy
A: no striking features
a: Renounce Religion


You were on level 4 of the Dungeon.
You worshipped Beogh.
Beogh was noncommittal.
You were not hungry.

You visited 1 branch of the dungeon, and saw 4 of its levels.

You collected 191 gold pieces.

Inventory:

Hand Weapons
 a - a +0 war axe (weapon)
 o - a +0 flail
Missiles
 d - 3 throwing nets
 u - a javelin (quivered)
Armour
 b - a +0 leather armour (worn)
 c - a +0 helmet (worn)
Jewellery
 m - a ring of protection from cold (left hand)
Wands
 q - a wand of digging (7/24)
 r - a wand of lightning (2/15)
Scrolls
 e - 2 scrolls of identify
 h - 2 scrolls of teleportation {unknown}
 i - a scroll of amnesia
 j - 2 scrolls of remove curse
 k - 2 scrolls of recharging {unknown}
 l - a scroll of noise {unknown}
 n - a scroll of fear {unknown}
 p - a scroll of enchant armour {unknown}
 t - a scroll of random uselessness {unknown}
Potions
 v - a potion of haste {unknown}
Comestibles
 f - 2 bread rations
 g - 4 meat rations
 s - 2 fruits
 w - a chunk of flesh


   Skills:
 + Level 3.7 Fighting
 + Level 5.9 Axes
 + Level 2.0 Throwing
 + Level 2.7 Armour
 + Level 3.9 Dodging
 + Level 0.6 Stealth
 + Level 0.2 Evocations


You had 5 spell levels left.
You didn't know any spells.

Dungeon Overview and Level Annotations

Branches:
Dungeon (4/15)
 Temple: D:4-7

Altars:


Message History

The ogre is heavily wounded.
The ogre completely misses you.
You hit the ogre but do no damage.
The ogre is heavily wounded.
The ogre barely misses you.
You hit the ogre but do no damage.
The ogre is heavily wounded.
You barely miss the ogre.
The ogre is heavily wounded.
The ogre barely misses you.
You hit the ogre but do no damage.
The ogre is heavily wounded.
The ogre barely misses you.
You slash the ogre!
The ogre is almost dead.
The ogre misses you.
You barely miss the ogre.
The ogre is almost dead.
The ogre hits you with a giant spiked club!!
You die...

#.# #.# #.#
#+# #.#
###.#
##...#
##....####
#
#........+
#
###....####
# #..@..##
#.#O.##
#..(##
##(## #+ #.
#.# .. #.#
##.
#####.###
#(
#.......#
#.
##.#.....##


You could see an ogre.

Vanquished Creatures
  An ogre (D:4)
  2 orc wizards (D:4)
  An iguana (D:4)
  A worker ant (D:4)
  6 adders
  An adder skeleton (D:4)
  5 worms
  6 dart slugs
  A giant gecko (D:4)
  4 orcs (D:4)
  3 giant cockroaches
  7 goblins
  9 hobgoblins
  4 jackals (D:3)
  A quokka (D:3)
  A ball python (D:3)
  6 bats
  6 giant newts
  4 kobolds
  8 rats
77 creatures vanquished.

Notes
Turn   | Place    | Note
--------------------------------------------------------------
     0 | D:1      | dvd the Hill Orc Gladiator began the quest for the Orb.
     0 | D:1      | Reached XP level 1. HP: 18/18 MP: 1/1
   180 | D:1      | Reached XP level 2. HP: 19/25 MP: 2/2
   542 | D:1      | Reached XP level 3. HP: 21/30 MP: 3/3
  1620 | D:3      | Reached skill level 5 in Axes
  1620 | D:3      | Reached XP level 4. HP: 36/38 MP: 4/4
  2321 | D:3      | Reached skill level 1 in Armour
  2606 | D:3      | Reached XP level 5. HP: 44/45 MP: 5/5
  3053 | D:4      | Became a worshipper of Beogh the Brigand
  3221 | D:4      | HP: 2/45 [something/puff of flame (11)]
  3271 | D:4      | Reached XP level 6. HP: 28/52 MP: 6/6
  3902 | D:4      | Mangled by an ogre

Skill      XL: |  1  2  3  4  5 |
---------------+----------------+-----
Fighting       | 3 |  3.7
Throwing       | 2 |  2.0
Axes           | 5 |  5.9
Dodging        | 3 |  3.9
Armour         | 1 2 |  2.7
Stealth        | |  0.6
Evocations     | |  0.2

Action                   |  1- 3 |  4- 6 || total
-------------------------+-------+-------++-------
Melee: War axe           |    85 |   151 ||   236
Throw: Javelin           |       |     3 ||     3
Invok: Convert to Beogh  |       |     1 ||     1
Evoke: Wand              |       |     4 ||     4
  Use: Scroll            |     3 |     2 ||     5
       Potion            |       |     6 ||     6
 Stab: Sleeping          |     1 |       ||     1
  Eat: Chunk             |     2 |     8 ||    10
Armor: Leather armour    |    20 |    47 ||    67
Dodge: Dodged            |    46 |    98 ||   144
